 Dungeon Crawl Stone Soup version 0.25.1-2-g60ff931df9 (webtiles) character file.

Game seed: 15244650636810303991

81 DerDa the Covered (level 4, 0/34 HPs)
             Began as a Gnoll Wanderer on Aug 21, 2020.
             Blown up by Ijyb (16 damage)
             ... with a disintegration bolt
             ... on level 3 of the Dungeon.
             The game lasted 00:02:39 (1776 turns).

DerDa the Covered (Gnoll Wanderer)                  Turns: 1776, Time: 00:02:40

Health: 0/34       AC:  5    Str: 17    XL:     4   Next: 42%
Magic:  8/8        EV: 11    Int: 15    God:
Gold:   77         SH:  0    Dex: 12    Spells: 9/9 levels left

rFire    . . .     SeeInvis .   a - +2 hand crossbow
rCold    . . .     Gourm    .   (no shield)
rNeg     . . .     Faith    .   c - +0 ring mail
rPois    .         Spirit   .   (no helmet)
rElec    .         Reflect  .   (no cloak)
rCorr    .         Harm     .   (no gloves)
MR       .....                  t - -2 pair of boots (curse)
Stlth    +.........             (no amulet)
HPRegen  0.11/turn              (no ring)
MPRegen  0.11/turn              (no ring)

@: no status effects
A: distributed training, fangs 1, strong nose
a: no special abilities


You were on level 3 of the Dungeon.
You were not hungry.

You visited 1 branch of the dungeon, and saw 3 of its levels.

You collected 77 gold pieces.

Inventory:

Hand Weapons
 a - a +2 hand crossbow (weapon)
 g - a cursed -2 hand axe
 i - a +0 short sword
Missiles
 b - 34 bolts (quivered)
 j - 132 stones
Armour
 c - a +0 ring mail (worn)
 t - a cursed -2 pair of boots (worn)
Scrolls
 d - 4 scrolls of teleportation
 e - a scroll of fog {unknown}
 h - a scroll of amnesia {unknown}
 k - 6 scrolls of identify {unknown}
 o - a scroll of blinking {unknown}
 p - a scroll of enchant weapon {unknown}
 s - a scroll of fear {unknown}
Potions
 l - a potion of flight {unknown}
 n - 6 potions of heal wounds {unknown}
 q - a potion of might {unknown}
 r - a potion of degeneration {unknown}
Comestibles
 f - 4 rations
 m - 7 chunks of flesh


   Skills:
 + Level 2.7 Fighting
 + Level 1.1 Short Blades
 + Level 1.1 Long Blades
 + Level 1.1 Axes
 + Level 1.1 Maces & Flails
 + Level 1.1 Polearms
 + Level 1.1 Staves
 + Level 1.1 Slings
 + Level 1.1 Bows
 + Level 2.7 Crossbows
 + Level 1.1 Throwing
 + Level 6.6 Armour
 + Level 1.1 Dodging
 + Level 2.5 Stealth
 + Level 1.1 Shields
 + Level 1.1 Unarmed Combat
 + Level 3.0 Spellcasting
 + Level 0.8 Conjurations
 + Level 0.8 Hexes
 + Level 0.8 Charms
 + Level 0.8 Summonings
 + Level 0.8 Necromancy
 + Level 0.8 Translocations
 + Level 0.8 Transmutations
 + Level 3.8 Fire Magic
 + Level 0.8 Ice Magic
 + Level 0.8 Air Magic
 + Level 0.8 Earth Magic
 + Level 0.8 Poison Magic
 + Level 1.2 Invocations
 + Level 2.7 Evocations


You had 9 spell levels left.
You didn't know any spells.
Your spell library was empty.

Dungeon Overview and Level Annotations

Branches:
Dungeon (3/15)

Altars:
Dithmenos
The Shining One

Annotations:
D:3 Ijyb


Innate Abilities, Weirdness & Mutations

Your experience applies equally to all skills.
You have very sharp teeth.
Your uncanny sense of smell can sniff out nearby items.


Message History

Found 11 gold pieces.
Firing (i - inventory. (/) - cycle)
b - 36 bolts (quivered)
Press: ? - help, Shift-Dir - straight line, f - Ijyb
Aim: Ijyb, wearing a +0 ring mail and carrying a wand of disintegration (7) (asleep)
You shoot a bolt. The bolt hits Ijyb!
Ijyb shouts!
Ijyb is heavily wounded.
Ijyb screams, "Die!"
Ijyb zaps a wand.
You are blasted!
Ouch! That really hurt!
You are too injured to fight recklessly!
You are too injured to fight recklessly!
Unknown command.
Firing (i - inventory. (/) - cycle)
b - 35 bolts (quivered)
Press: ? - help, Shift-Dir - straight line, f/p - Ijyb
Aim: Ijyb, wearing a +0 ring mail and carrying a wand of disintegration (6) (heavily wounded)
You shoot a bolt. The bolt barely misses Ijyb.
Ijyb screams, "You nasty!
Big nasty!"
Ijyb zaps a wand.
You are blasted!
You die...

.. ...!# #.(.# #####
#############...# #....
#....$..........# #....
#............... #....
#.............########.
#.(..?.................
#.....@.......#########
#.............# #..
##...###......# #.#
+.g. #......# ##.# #(.
#......# #... #$.
#......# ##..# #.
######## #.... ## #....
#8..8


You could see Ijyb.

Vanquished Creatures
  An adder (D:3)
  3 worms
  3 dart slugs (D:1)
  A leopard gecko (D:2)
  7 bats
  A giant cockroach (D:1)
  7 goblins
  5 hobgoblins
  5 jackals
  13 kobolds
  2 quokkas (D:3)
  A ball python (D:1)
  3 frilled lizards (D:2)
  2 rats
54 creatures vanquished.

Notes
Turn   | Place    | Note
-------+----------+-------------------------------------------
     0 | D:1      | DerDa the Gnoll Wanderer began the quest for the Orb.
     0 | D:1      | DerDa set off with the following items: a +2 hand crossbow,
                  | 31 bolts, a +0 ring mail, a scroll of teleportation, a
                  | ration
     0 | D:1      | Reached XP level 1. HP: 17/17 MP: 4/4
   142 | D:1      | Reached XP level 2. HP: 23/23 MP: 5/5
   226 | D:1      | Reached XP level 3. HP: 27/28 MP: 7/7
   886 | D:2      | Reached skill level 1 in Invocations
  1074 | D:2      | Reached skill level 1 in Short Blades
  1074 | D:2      | Reached skill level 1 in Long Blades
  1074 | D:2      | Reached skill level 1 in Axes
  1074 | D:2      | Reached skill level 1 in Maces & Flails
  1074 | D:2      | Reached skill level 1 in Polearms
  1074 | D:2      | Reached skill level 1 in Staves
  1074 | D:2      | Reached skill level 1 in Slings
  1074 | D:2      | Reached skill level 1 in Bows
  1074 | D:2      | Reached skill level 1 in Throwing
  1074 | D:2      | Reached skill level 1 in Dodging
  1074 | D:2      | Reached skill level 1 in Shields
  1074 | D:2      | Reached skill level 1 in Unarmed Combat
  1181 | D:2      | Reached XP level 4. HP: 34/34 MP: 8/8
  1271 | D:2      | Found a glowing golden altar of the Shining One.
  1292 | D:2      | Found a shadowy altar of Dithmenos.
  1774 | D:3      | Noticed Ijyb
  1776 | D:3      | Blown up by Ijyb

Illustrated notes

Levels and vault maps discovered:
D:1:      roderic_octagonal_star, layout_basic
D:2:      layout_basic, tso_altar, grunt_dithmenos_smoke_and_mirrors
D:3:      wander_river, layout_basic, uniq_ijyb

Skill      XL: |  1  2  3  4 |
---------------+-------------+-----
Invocations    | 1 |  1.2
Short Blades   | 1 |  1.1
Long Blades    | 1 |  1.1
Axes           | 1 |  1.1
Maces & Flails | 1 |  1.1
Polearms       | 1 |  1.1
Staves         | 1 |  1.1
Slings         | 1 |  1.1
Bows           | 1 |  1.1
Throwing       | 1 |  1.1
Dodging        | 1 |  1.1
Shields        | 1 |  1.1
Unarmed Combat | 1 |  1.1
Spellcasting   | 3 |  3.0
Fighting       | |  2.7
Crossbows      | |  2.7
Armour         | |  6.6
Stealth        | |  2.5
Conjurations   | |  0.8
Hexes          | |  0.8
Charms         | |  0.8
Summonings     | |  0.8
Necromancy     | |  0.8
Translocations | |  0.8
Transmutations | |  0.8
Fire Magic     | |  3.8
Ice Magic      | |  0.8
Air Magic      | |  0.8
Earth Magic    | |  0.8
Poison Magic   | |  0.8
Evocations     | |  2.7

Action                   |  1- 3 |  4- 6 || total
-------------------------+-------+-------++-------
 Fire: Hand crossbow     |    86 |    21 ||   107
  Eat: Chunk             |     1 |     2 ||     3
Armor: Ring mail         |    14 |     1 ||    15
Dodge: Dodged            |    16 |     4 ||    20
